Map: 하드와이어 - 래더

Players

iGMacSed (MacSed) - Winner!

  • Race: Protoss Protoss
  • League: Grandmaster

Ryung

  • Race: Terran Terran
  • League: Master

Event: DreamHack SC2 Masters Last Chance 2022

VOD

Have the link to the VOD?

Description

Time

  • Played on: Dec. 15, 2021, 5:13 a.m.
  • Length: 15:18

All games in this series

Show
View Real Time Build Order
Export as new Build Order

iGMacSed Protoss - Winner!

Build Orders: 1 Gate Expand, Blink Stalkers, Carriers 

Get SALT Encoding   

  12  0:00  Probe  
  13  0:12  Probe  
  14  0:16  Pylon  
  14  0:24  Probe (Chrono Boost)  
  16  0:35  Gateway  
  16  0:36  Probe (Chrono Boost)  
  16  0:42  Probe (Chrono Boost)  
  16  0:45  Assimilator  
  17  0:51  Probe  
  18  1:03  Probe  
  19  1:15  Probe  
  20  1:22  Cybernetics Core  
  20  1:31  Nexus  
  20  1:37  Pylon  
  20  1:40  Probe  
  21  1:48  Assimilator  
  21  1:52  Probe  
  22  1:56  Adept (Chrono Boost)  
  22  1:59  Warp Gate  
  24  2:05  Probe  
  25  2:17  Stalker (Chrono Boost), Probe  
  28  2:29  Probe  
  29  2:32  Twilight Council  
  29  2:39  Stalker  
  29  2:43  Probe  
  29  2:44  Probe  
  33  2:55  Probe  
  33  2:56  Gateway, Probe  
  34  3:04  Blink (Chrono Boost)  
  34  3:07  Probe  
  34  3:08  Probe  
  36  3:19  Probe  
  37  3:20  Probe  
  38  3:31  Probe  
  38  3:32  Robotics Facility, Probe  
  40  3:41  Pylon  
  40  3:43  Probe  
  40  3:44  Probe  
  42  3:50  Stalker x2  
  42  3:53  Pylon  
  46  3:59  Probe x2  
  47  4:11  Probe x2  
  47  4:12  Assimilator  
  47  4:14  Stalker x2  
  47  4:15  Assimilator  
  53  4:20  Observer  
  53  4:23  Probe x2  
  56  4:24  Gateway  
  56  4:28  Gateway  
  56  4:35  Probe x2  
  56  4:38  Pylon  
  58  4:40  Stalker  
  58  4:45  Stalker  
  62  4:48  Observer  
  62  4:52  Pylon  
  62  4:56  Probe x2  
  64  5:06  Charge  
  64  5:07  Templar Archives  
  64  5:08  Probe  
  64  5:14  Nexus  
  65  5:21  Pylon  
  65  5:23  Observer  
  65  5:25  Psionic Storm  
  66  5:34  Pylon  
  66  5:38  Pylon  
  66  5:53  High Templar  
  66  5:56  Shield Battery  
  68  5:58  Gateway  
  68  6:00  Gateway x2  
  68  6:02  Gateway  
  68  6:03  High Templar  
  70  6:05  Probe x2  
  70  6:06  Shield Battery  
  72  6:14  High Templar  
  72  6:17  Probe x2  
  76  6:20  Shield Battery x2  
  76  6:28  High Templar  
  76  6:30  Probe x3  
  76  6:31  Zealot  
  83  6:36  Forge  
  83  6:38  Pylon  
  83  6:42  Probe  
  83  6:44  Zealot  
  86  6:50  Probe  
  86  6:51  Probe  
  86  6:54  Pylon, High Templar  
  90  6:55  Probe  
  90  6:57  High Templar  
  93  7:02  Zealot x2  
  93  7:03  Zealot x3  
  93  7:05  Zealot  
  105  7:16  Protoss Ground Weapons Level 1 (Chrono Boost)  
  105  7:17  Probe x3  
  105  7:22  Assimilator  
  108  7:25  Assimilator, High Templar  
  108  7:26  Pylon  
  108  7:27  Pylon  
  108  7:29  Probe x2  
  112  7:31  Probe  
  112  7:34  Photon Cannon  
  112  7:35  Photon Cannon  
  113  7:41  Probe x2  
  113  7:43  Probe  
  116  7:48  Robotics Bay  
  116  7:49  Pylon  
  116  7:52  Robotics Facility  
  116  7:53  Observer (Chrono Boost), Probe  
  118  7:59  Pylon  
  118  8:00  Probe  
  119  8:11  Pylon  
  119  8:12  Immortal (Chrono Boost)  
  123  8:24  Pylon x2  
  123  8:29  Stargate  
  123  8:39  Colossus (Chrono Boost)  
  123  8:41  Colossus (Chrono Boost)  
  123  8:42  Protoss Air Weapons Level 1  
  123  8:44  Extended Thermal Lance  
  133  8:49  Zealot x8  
  149  8:57  Protoss Ground Weapons Level 2 (Chrono Boost)  
  149  9:15  Fleet Beacon  
  147  9:18  Stargate  
  147  9:23  Pylon  
  141  9:34  Colossus (Chrono Boost)  
  141  9:37  Photon Cannon x2  
  141  9:46  Nexus  
  141  9:47  Pylon  
  141  9:49  Disruptor (Chrono Boost)  
  138  10:08  Carrier (Chrono Boost)  
  138  10:09  Zealot x8  
  158  10:17  Disruptor  
  155  10:29  Carrier (Chrono Boost)  
  155  10:31  Disruptor  
  164  10:40  Photon Cannon  
  164  10:41  Zealot x2  
  168  10:43  Shield Battery  
  168  10:54  Photon Cannon  
  168  10:56  Disruptor  
  169  10:57  Shield Battery  
  169  11:06  Carrier (Chrono Boost)  
  169  11:07  Zealot x6  
  186  11:21  Carrier (Chrono Boost)  
  185  11:29  Protoss Ground Weapons Level 3  
  191  11:44  Assimilator  
  191  11:47  Protoss Air Weapons Level 2  
  191  11:50  Disruptor  
  191  11:51  Disruptor  
  193  12:05  Pylon  
  193  12:07  Carrier (Chrono Boost)  
  191  12:25  Assimilator  
  191  12:28  Gateway  
  191  12:29  Carrier (Chrono Boost), Gateway  
  191  12:30  Warp Prism (Chrono Boost)  
  191  12:32  Gateway  
  191  12:33  Gateway  
  189  12:43  Stalker x5  
  199  12:52  Observer (Chrono Boost)  
  192  13:04  Carrier  
  198  13:15  Photon Cannon  
  198  13:17  Photon Cannon  
  198  13:18  Photon Cannon  
  198  13:19  Shield Battery  
  198  13:20  Shield Battery  
  198  13:22  Zealot  
  196  13:43  Stalker x2  
  196  13:45  Observer  
  195  14:02  Nexus  
  195  14:04  Pylon  
  195  14:06  Pylon  
  195  14:08  Pylon  
  195  14:14  Photon Cannon  
  191  14:17  Photon Cannon  
  191  14:18  Shield Battery  
  191  14:20  Zealot x2  
  191  14:21  Zealot  
  150  14:29  Zealot x8  
  149  14:46  High Templar x3  
  149  14:50  High Templar x4  
  149  14:51  High Templar x4  
  171  14:54  Archon x2  
  171  14:55  Archon x3  
  171  14:56  Archon  
Show
View Real Time Build Order
Export as new Build Order

Ryung Terran 

Build Orders:  

Get SALT Encoding   

  12  0:00  SCV  
  13  0:12  SCV  
  14  0:17  Supply Depot  
  14  0:24  SCV  
  15  0:38  SCV  
  15  0:40  Barracks  
  16  0:44  Refinery  
  16  0:51  SCV  
  17  1:03  SCV  
  18  1:15  SCV  
  19  1:27  Marine, Orbital Command  
  20  1:42  Command Center  
  20  1:45  Reaper  
  21  1:53  SCV  
  22  1:57  Supply Depot  
  22  2:05  SCV  
  23  2:09  Factory  
  23  2:19  SCV  
  24  2:22  Bunker  
  24  2:23  Barracks Reactor  
  24  2:31  SCV  
  24  2:35  Barracks  
  25  2:43  SCV  
  26  2:52  Hellion  
  26  2:55  Orbital Command  
  26  2:56  SCV  
  29  3:00  Marine x2  
  30  3:09  SCV  
  31  3:14  Widow Mine, Barracks  
  31  3:19  Marine  
  33  3:21  SCV  
  33  3:22  Marine  
  33  3:23  SCV  
  37  3:27  Barracks Tech Lab  
  37  3:33  SCV  
  38  3:35  SCV  
  38  3:40  Engineering Bay  
  39  3:44  Supply Depot  
  39  3:45  SCV  
  39  3:46  Stimpack  
  39  3:48  SCV  
  41  3:55  Refinery, Marine x2  
  41  3:56  Marine  
  41  4:00  SCV x2  
  46  4:06  Terran Infantry Weapons Level 1  
  44  4:12  Barracks Tech Lab, SCV x2  
  44  4:16  Marine x3  
  49  4:17  Supply Depot  
  49  4:24  SCV x2  
  51  4:33  Marauder, Marine  
  51  4:37  Supply Depot  
  51  4:38  SCV x2, Marine  
  54  4:39  Marauder, Supply Depot  
  54  4:40  Combat Shield  
  59  4:50  SCV x2  
  61  4:58  Marine x2  
  61  4:59  Marauder  
  64  5:00  Marauder  
  64  5:02  Supply Depot  
  64  5:03  Supply Depot, SCV x2  
  68  5:09  Refinery  
  68  5:12  Starport  
  68  5:15  SCV x2  
  68  5:17  Factory Reactor  
  68  5:19  Marine x2  
  72  5:23  Refinery  
  72  5:24  Marine x2  
  72  5:27  SCV  
  72  5:28  SCV  
  76  5:32  Supply Depot  
  76  5:34  Supply Depot, Concussive Shells  
  76  5:39  SCV  
  76  5:40  SCV  
  76  5:42  Marine x2  
  79  5:58  SCV x2  
  79  5:59  Medivac x2  
  79  6:01  Factory Tech Lab  
  79  6:03  Command Center  
  85  6:05  Marine x3  
  85  6:06  Marine  
  89  6:20  Siege Tank  
  89  6:23  Barracks x2  
  93  6:25  SCV x2  
  93  6:26  Marine x2  
  93  6:29  Marauder x2  
  100  6:34  Supply Depot  
  100  6:35  Supply Depot, Medivac  
  100  6:37  Medivac  
  104  6:46  SCV x2  
  106  6:56  Marine x2  
  106  6:59  Marauder x2  
  111  7:04  Medivac, Factory Reactor  
  113  7:15  Medivac  
  115  7:17  SCV x2  
  115  7:19  Marine x2  
  115  7:20  Orbital Command  
  115  7:22  Barracks Reactor  
  119  7:25  Marauder x2  
  119  7:29  Missile Turret  
  123  7:30  SCV x2  
  125  7:40  Marine x2  
  125  7:41  Ghost Academy  
  125  7:42  Marauder  
  125  7:44  Widow Mine x2  
  133  7:46  Marauder, Missile Turret, Orbital Command  
  135  7:53  SCV x2  
  137  8:00  Supply Depot  
  137  8:03  Supply Depot, Terran Infantry Armor Level 1  
  137  8:05  Widow Mine x2  
  141  8:19  Refinery  
  141  8:20  Refinery  
  141  8:21  Ghost  
  141  8:22  SCV x3, Ghost  
  148  8:30  Supply Depot  
  148  8:34  SCV x3  
  148  8:36  Ghost  
  148  8:37  Marine x2  
  153  8:42  Widow Mine x2  
  157  8:52  Marine, Armory  
  157  8:53  Marine  
  157  8:54  SCV x3  
  161  9:00  Command Center  
  161  9:04  Ghost  
  160  9:11  Ghost  
  160  9:16  Barracks  
  159  9:17  Barracks  
  159  9:18  Widow Mine x2  
  159  9:19  Missile Turret  
  159  9:20  Barracks  
  161  9:27  Ghost  
  161  9:28  Supply Depot, Marine x2  
  161  9:29  Enhanced Shockwaves  
  165  9:35  Supply Depot  
  165  9:36  Supply Depot  
  165  9:39  Marine  
  166  9:46  Engineering Bay  
  166  9:52  Marine, Ghost x2  
  168  9:53  Marine x2  
  168  9:56  Marauder, SCV x3  
  178  10:01  Medivac x2  
  181  10:07  Barracks Tech Lab x2  
  181  10:08  Barracks Tech Lab  
  181  10:09  Barracks Reactor  
  181  10:10  Refinery  
  179  10:17  Refinery  
  177  10:25  Terran Infantry Weapons Level 2  
  173  10:30  Marauder  
  173  10:31  Marauder x3  
  173  10:32  Marauder  
  181  10:37  Terran Infantry Armor Level 2  
  181  10:46  Terran Ship Weapons Level 1  
  181  10:54  Command Center  
  181  10:55  Command Center  
  181  11:02  Viking x2  
  185  11:07  Starport  
  189  11:18  Marauder x2  
  189  11:19  Marauder x3  
  189  11:25  Planetary Fortress  
  195  11:27  Missile Turret  
  195  11:36  Sensor Tower  
  195  11:37  Viking x2  
  198  11:47  Viking  
  200  11:58  Command Center  
  200  11:59  Factory Reactor  
  200  12:16  Orbital Command  
  200  12:22  Personal Cloaking  
  200  12:23  Armory  
  200  12:24  Starport  
  200  12:26  Starport  
  200  12:41  Viking  
  200  13:02  Starport Reactor x2  
  200  13:03  Planetary Fortress  
  200  13:07  Missile Turret  
  200  13:08  Missile Turret  
  200  13:09  Missile Turret, Fusion Core  
  200  13:10  Missile Turret x4  
  200  13:11  Missile Turret  
  200  13:16  Terran Vehicle And Ship Armor Level 1  
  200  13:21  Missile Turret x2, Sensor Tower  
  197  13:41  Viking x3  
  198  13:48  Nuke  
  200  13:55  Missile Turret  
  200  13:56  Missile Turret  
  200  13:57  Liberator, Missile Turret x2  
  200  13:58  Liberator  
  200  13:59  Liberator  
  194  14:18  Viking  
  194  14:20  Viking  
  194  14:21  Viking  
  176  14:27  Viking  
  151  14:34  Marauder x2, Marine x2  
  151  14:35  Marauder x2, Marine x2  
  151  14:36  Marine  
  151  14:38  Marine x2  
  146  14:43  Viking  
  143  14:57  Marine x6  
  143  14:58  Marine  
  143  14:59  Marine  

Tags
 
Add a new tag
Caveats
  • Supply blocks, unpowered buildings, or Contaminate may cause inaccurate times.
  • Supply counts are checked every 10 seconds.